 Dungeon Crawl Stone Soup version 0.20.1-1-g8b1a95d (webtiles) character file.

153 slep the Magician (level 5, -2/39 HPs)
             Began as a Demonspawn Wanderer on Oct 22, 2017.
             Slain by Pikel
             ... wielding a +2 whip of flaming
              (3 damage)
             ... on level 4 of the Dungeon.
             The game lasted 00:18:29 (2512 turns).

slep the Magician (Demonspawn Wanderer)             Turns: 2512, Time: 00:18:32

Health: -2/39      AC: 12    Str: 14    XL:     5   Next: 12%
Magic:  10/10      EV:  5    Int: 12    God:
Gold:   168        SH:  5    Dex: 13    Spells: 10/10 levels left

rFire    . . .     SeeInvis .   s - +0 long sword
rCold    . . .     Gourm    .   w - +2 buckler
rNeg     . . .     Faith    .   y - +3 chain mail
rPois    .         Spirit   .   (helmet restricted)
rElec    .         Reflect  .   i - +0 cloak
rCorr    .         Harm     .   (no gloves)
MR       .....                  (no boots)
Stlth    ..........             (no amulet)
Regen    0.2/turn               (no ring)
MPRegen  0.2/turn               (no ring)

@: no status effects
A: antennae 1, demonic guardian 1
a: no special abilities


You were on level 4 of the Dungeon.
You were hungry.

You visited 1 branch of the dungeon, and saw 4 of its levels.

You collected 168 gold pieces.

Inventory:

Hand Weapons
 c - a +0 spear
 p - a cursed -3 dagger
 s - a +0 long sword (weapon)
 z - a +2 dagger of draining
Missiles
 r - 5 javelins (quivered)
Armour
 i - a +0 cloak (worn)
 q - a +0 helmet
 w - a +2 buckler (worn)
 y - a +3 chain mail (worn)
 A - a +2 buckler
Wands
 t - a wand of flame (15/48)
Scrolls
 j - 2 scrolls of magic mapping {unknown}
 k - 3 scrolls of identify {unknown}
 l - 3 scrolls of random uselessness {unknown}
 o - 4 scrolls of remove curse {unknown}
 u - 2 scrolls of recharging {unknown}
 B - 3 scrolls of teleportation {unknown}
Potions
 e - a potion of agility {unknown}
 g - a potion of flight {unknown}
 m - 2 potions of curing
 n - a potion of haste {unknown}
 v - a potion of heal wounds {unknown}
Books
 a - a book of Minor Magic

   Spells                             Type                      Level
   a - Magic Dart                     Conjuration                  1
   b - Blink                          Translocation                2
   c - Call Imp                       Summoning                    2
   d - Slow                           Hexes                        2
   e - Conjure Flame                  Conjuration/Fire             3
   f - Mephitic Cloud                 Conjuration/Poison/Air       3
 b - the Incunabulum of Flames

   Spells                             Type                      Level
   a - Flame Tongue                   Conjuration/Fire             1
   b - Ignite Poison                  Fire/Transmutation/Poison    3
Comestibles
 f - 4 bread rations
 x - a royal jelly


   Skills:
 + Level 2.7 Fighting
 + Level 2.0 Long Blades
 + Level 1.8 Polearms
 + Level 1.1 Armour
 + Level 1.5 Dodging
 + Level 1.2 Stealth
 + Level 0.3 Shields
 + Level 3.3 Spellcasting
   Level 1.0 Charms
   Level 1.0 Ice Magic
 + Level 1.0 Evocations


You had 10 spell levels left.
You didn't know any spells.

Dungeon Overview and Level Annotations

Branches:
Dungeon (4/15)
 Temple: D:4-7

Altars:

Annotations:
D:4 Pikel


Innate Abilities, Weirdness & Mutations

You have a pair of small antennae on your head.
A weak demonic guardian rushes to your aid.


Message History

You hit Pikel.
Pikel is heavily wounded.
The slave hits you but does no damage.
Your shadow imp misses Pikel.
You block Pikel's attack. The slave hits you but does no damage.
You hit Pikel.
Pikel is severely wounded.
Your shadow imp closely misses Pikel.
You block Pikel's attack. The slave hits you but does no damage.
You hit Pikel.
Pikel is severely wounded.
Your shadow imp barely misses Pikel.
Pikel hits you but does no damage. The slave barely misses you.
Your shadow imp hits Pikel but does no damage.
Your chain mail prevents you from hitting Pikel.
Pikel is severely wounded.
Pikel hits you but does no damage. The slave hits you but does no damage.
Your shadow imp barely misses Pikel.
Pikel hits you with a whip of flaming.
* * * LOW HITPOINT WARNING * * *
Pikel burns you.
You die...

#.#. ... #.#.
..# ## #... ..+
... ... ..#
.... .. ..
.#...#.#.######
........[....>#
#.@5# #.pK#
#.!.# #....
#..... #.....#
....!..
....##..


You could see Pikel, a slave and a friendly shadow imp.

Vanquished Creatures
  An orc wizard (D:3)
  3 adders
  An ooze (D:1)
  3 worms
  2 dart slugs
  6 leopard geckos
  9 orcs (D:3)
  3 giant cockroaches
  3 hobgoblins
  2 quokkas
  7 bats
  5 frilled lizards
  8 goblins
  8 kobolds
  6 rats
67 creatures vanquished.

Vanquished Creatures (collateral kills)
  A slave (D:4)
1 creature vanquished.

Grand Total: 68 creatures vanquished

Notes
Turn   | Place    | Note
-------+----------+-------------------------------------------
     0 | D:1      | slep the Demonspawn Wanderer began the quest for the Orb.
     0 | D:1      | slep set off with: a book of Minor Magic, the Incunabulum of Flames, a +0 spear, a +0 robe, a bread ration
     0 | D:1      | Reached XP level 1. HP: 16/16 MP: 4/4
   159 | D:1      | Gained mutation: You have a pair of small antennae on your head. [demonic ancestry]
   159 | D:1      | Reached XP level 2. HP: 12/22 MP: 6/6
   506 | D:1      | Reached skill level 1 in Polearms
   740 | D:1      | Gained mutation: A weak demonic guardian rushes to your aid. [demonic ancestry]
   740 | D:1      | Reached XP level 3. HP: 20/27 MP: 7/7
  1309 | D:2      | Reached skill level 1 in Armour
  1446 | D:2      | Reached XP level 4. HP: 33/33 MP: 9/9
  1908 | D:3      | Reached skill level 1 in Long Blades
  2107 | D:3      | Reached XP level 5. HP: 29/39 MP: 10/10
  2446 | D:4      | Noticed Pikel
  2446 | D:4      | Noticed a slave
  2446 | D:4      | Noticed a slave
  2446 | D:4      | Noticed a slave
  2446 | D:4      | Noticed a slave
  2507 | D:4      | Killed a slave
  2512 | D:4      | HP: 1/39 [Pikel/whip of flaming (6)]
  2512 | D:4      | Slain by Pikel

Skill      XL: |  1  2  3  4  5 |
---------------+----------------+-----
Polearms       | 1 |  1.8
Armour         | 1 |  1.1
Long Blades    | 1 2 |  2.0
Fighting       | |  2.7
Dodging        | |  1.5
Stealth        | |  1.2
Shields        | |  0.3
Spellcasting   | |  3.3
Charms         | |  1.0
Ice Magic      | |  1.0
Evocations     | |  1.0

Action                   |  1- 3 |  4- 6 || total
-------------------------+-------+-------++-------
Melee: Spear             |   149 |       ||   149
       Long sword        |    44 |   125 ||   169
  Use: Potion            |       |     2 ||     2
 Stab: Sleeping          |     1 |       ||     1
  Eat: Chunk             |     2 |     3 ||     5
Armor: Robe              |     4 |       ||     4
       Scale mail        |    74 |    21 ||    95
       Chain mail        |       |    83 ||    83
Dodge: Dodged            |   101 |    53 ||   154
Block: Buckler           |       |    37 ||    37
       Rpst.: Long sword |     7 |    14 ||    21
